 Dungeon Crawl Stone Soup version 0.23-a0-448-g1c01f63 (webtiles) character file.

7414 JeffiDaFish the Merchant of Misery (level 10, -8/50 HPs)
             Began as a Deep Elf Necromancer on Nov 19, 2018.
             Was a Believer of Kikubaaqudgha.
             Mangled by a sun demon (11 damage)
             ... in a volcano.
             The game lasted 00:39:25 (10444 turns).

JeffiDaFish the Merchant of Misery (DENe)          Turns: 10444, Time: 00:39:26

Health: -8/50      AC: 15    Str: 12    XL:     10   Next: 93%
Magic:  7/27       EV: 24    Int: 26    God:    Kikubaaqudgha [**....]
Gold:   201        SH:  0    Dex: 15    Spells: 22/31 levels left

rFire    . . .     SeeInvis .   o - +7 short sword (speed)
rCold    . . .     Gourm    .   (no shield)
rNeg     . . .     Faith    .   A - +2 robe {MR+}
rPois    .         Spirit   .   i - +2 helmet
rElec    .         Reflect  .   m - +1 cloak
rCorr    .         Harm     .   n - +2 pair of gloves
MR       ++...                  d - +2 pair of boots {Fly}
Stlth    ++........             (no amulet)
HPRegen  1.16/turn              b - +6 ring of evasion
MPRegen  0.20/turn              j - ring of wizardry

@: mighty, flying, regenerating
A: clever 1, strong 1
a: Receive Corpses, Renounce Religion, Stop Flying


You were in a volcano.
You worshipped Kikubaaqudgha.
Kikubaaqudgha was pleased with you.
You were not hungry.

You visited 3 branches of the dungeon, and saw 11 of its levels.
You also visited: Ossuary and Volcano.

You collected 396 gold pieces.
You spent 195 gold pieces at shops.

Inventory:

Hand Weapons
 o - a +7 short sword of speed (weapon)
Armour
 d - a +2 pair of boots of flying (worn)
 i - a +2 helmet (worn)
 m - a +1 cloak (worn)
 n - a +2 pair of gloves (worn)
 A - a +2 robe of magic resistance (worn)
Magical Staves
 k - an uncursed staff of energy
Jewellery
 b - a +6 ring of evasion (left hand)
 j - a ring of wizardry (right hand)
Wands
 q - a wand of paralysis (12)
Scrolls
 a - 2 scrolls of remove curse
 g - a scroll of magic mapping
 h - 2 scrolls of blinking
 v - 2 scrolls of fear
 z - a scroll of teleportation
Potions
 e - a potion of berserk rage
 f - 5 potions of haste
 l - 3 potions of mutation
 p - 2 potions of heal wounds
 r - a potion of might
 s - 2 potions of ambrosia
 t - 2 potions of curing
 u - 2 potions of cancellation {unknown}
 w - a potion of agility
 x - a potion of degeneration {unknown}
 C - a potion of brilliance {unknown}
Comestibles
 c - 12 rations


   Skills:
 + Level 4.8 Short Blades
 + Level 9.1 Dodging
 - Level 3.1 Stealth
 * Level 11.4 Spellcasting
 + Level 5.8 Charms
 * Level 13.0 Necromancy


You had 22 spell levels left.
You knew the following spells:

 Your Spells              Type           Power        Failure   Level  Hunger
a - Pain                  Necr           ####         0%          1    None
b - Vampiric Draining     Necr           ######....   1%          3    None
c - Regeneration          Chrm/Necr      ######....   1%          3    None
d - Shroud of Golubria    Chrm/Tloc      ####......   1%          2    None

Your spell library contained the following spells:

 Spells                   Type           Power        Failure   Level  Hunger
 Animate Skeleton         Necr           N/A          0%          1    None
 Beastly Appendage        Tmut           ##....       1%          1    None
 Infusion                 Chrm           ####         1%          1    None
 Song of Slaying          Chrm           #####...     1%          2    None
 Sublimation of Blood     Necr           ######....   1%          2    None
 Spectral Weapon          Hex/Chrm       ####....     1%          3    None
 Animate Dead             Necr           N/A          1%          4    None
 Sticks to Snakes         Tmut           ##......     2%          2    None
 Spider Form              Tmut/Pois      ##........   4%          3    None
 Ice Form                 Ice/Tmut       ##......     16%         4    None
 Blade Hands              Tmut           ##........   38%         5    ###....


Dungeon Overview and Level Annotations

Branches:
Dungeon (9/15)             Temple (1/1) D:7            Lair (1/6) D:8
    Orc: D:9-12

Altars:
Ashenzari
Cheibriados
Elyvilon
Gozag
Hepliaklqana
Kikubaaqudgha
Makhleb
Okawaru
Qazlal
Sif Muna
Trog
Uskayaw
Vehumet
Wu Jian
Xom
Yredelemnul
The Shining One

Shops:
D:8 !


Innate Abilities, Weirdness & Mutations

Your mind is acute. (Int +2)
Your muscles are strong. (Str +2)


Message History

You closely miss the sun demon.
The sun demon is moderately wounded.
You barely miss the sun demon.
The sun demon is moderately wounded.
The sun demon hits you!
You are engulfed in flames!!
You barely miss the sun demon.
The sun demon is moderately wounded.
The sun demon misses you.
You puncture the sun demon!
The sun demon is heavily wounded.
The sun demon hits you but does no damage.
You puncture the sun demon!
The sun demon is heavily wounded.
You closely miss the sun demon.
The sun demon is heavily wounded.
The sun demon hits you!!
* * * LOW HITPOINT WARNING * * *
You are engulfed in flames!
You die...
Kikubaaqudgha rasps: "You have failed me!
Welcome... death!"

§≈§≈§≈§≈........uh.§..§..≈≈§≈≈≈§§
≈§≈≈≈≈§§≈§§§§≈§≈§§§§§≈≈≈.≈≈≈§§≈≈§
≈≈≈≈≈≈≈≈§§≈≈≈§§≈§≈§§≈§≈≈§≈§≈§≈≈≈§
≈§≈≈≈§§≈≈≈§§≈≈≈§§≈≈§≈≈≈≈≈≈§≈≈≈≈§≈
≈§≈§≈≈≈≈≈≈§≈§§≈≈≈≈≈≈≈≈≈≈≈§§≈≈§≈≈≈
≈≈≈§§≈≈≈≈≈≈.§§≈≈≈≈§≈≈≈≈≈≈§≈≈≈≈...
≈≈≈§≈≈≈≈≈§..§§§≈≈≈≈≈§≈≈≈≈≈§≈§≈...
≈≈≈.§≈.≈........3≈≈≈§≈≈.≈≈......§
.§§.......##....@..§...§.......##
.......#######..............####
......## ####..#.##.##.## #.#.#.#
############ #######


You could see a sun demon.

Vanquished Creatures
  A hydra (Lair:1)
  A two-headed ogre (D:8)
  An ugly thing (Volcano)
  Joseph (D:8)
  Psyche (D:8)
  A spiny frog (Lair:1)
  Prince Ribbit (D:5)
  Sigmund (D:3)
  2 fire bats (Volcano)
  Menkaure (D:5)
  4 water moccasins (Lair:1)
  Duvessa (D:5)
  2 porcupines (Lair:1)
  A black bear (D:7)
  2 ice beasts
  2 eyes of draining (D:3)
  2 sky beasts (D:8)
  5 ogres
  A centaur (D:6)
  3 bullfrogs
  Dowan (D:5)
  A troll zombie (Ossuary)
  6 killer bees (D:7)
  4 wights (D:7)
  2 howler monkeys
  A crimson imp (D:6)
  2 centaur zombies
  3 lava snakes (Volcano)
  A quasit (D:8)
  2 jellies
  4 orc wizards
  A centaur skeleton (D:6)
  5 hounds
  2 orc priests
  A gnoll shaman (D:4)
  A bullfrog skeleton (D:4)
  Jessica (D:3)
  Ijyb (D:3)
  3 worker ants
  4 ogre zombies (Ossuary)
  A hound zombie (D:5)
  7 mummies (Ossuary)
  3 hound skeletons
  A worker ant zombie (D:5)
  A howler monkey zombie (D:6)
  10 gnolls
  7 adders
  A shadow imp (D:5)
  2 oozes
  3 adder zombies (Ossuary)
  An adder skeleton (D:6)
  2 worms (D:2)
  A dart slug (D:1)
  4 leopard geckos
  26 orcs
  A ball python (D:3)
  6 giant cockroaches
  6 hobgoblins
  13 jackals
  2 quokkas
  A ball python skeleton (D:5)
  8 bats
  8 frilled lizards
  9 goblins
  6 goblin zombies (Ossuary)
  5 hobgoblin zombies (Ossuary)
  7 kobolds
  4 kobold zombies (Ossuary)
  4 quokka zombies (Ossuary)
  8 rats
  3 rat zombies (Ossuary)
241 creatures vanquished.

Notes
Turn   | Place    | Note
-------+----------+-------------------------------------------
     0 | D:1      | JeffiDaFish the Deep Elf Necromancer began the quest for
                  | the Orb.
     0 | D:1      | Reached XP level 1. HP: 10/10 MP: 6/6
   145 | D:1      | Reached skill level 5 in Necromancy
   349 | D:1      | Reached XP level 2. HP: 11/15 MP: 2/8
  1232 | D:2      | Reached XP level 3. HP: 5/19 MP: 0/10
  1564 | D:2      | Gained mutation: Your mind is acute. (Int +2) [potion of
                  | mutation]
  1564 | D:2      | Gained mutation: Your muscles are strong. (Str +2) [potion
                  | of mutation]
  2012 | D:2      | Learned a level 3 spell: Vampiric Draining
  2038 | D:2      | Found a radiant altar of Vehumet.
  2043 | D:2      | Found a hide-covered altar of Uskayaw.
  2270 | D:2      | Reached XP level 4. HP: 24/24 MP: 10/12
  2528 | D:2      | Reached skill level 6 in Necromancy
  2878 | D:3      | Noticed Ijyb
  2883 | D:3      | Killed Ijyb
  2896 | D:3      | Noticed Sigmund
  2925 | D:3      | Killed Sigmund
  2925 | D:3      | Reached skill level 5 in Spellcasting
  2925 | D:3      | Reached skill level 7 in Necromancy
  2925 | D:3      | Reached XP level 5. HP: 11/28 MP: 0/14
  2925 | D:3      | Reached XP level 6. HP: 13/32 MP: 0/15
  3436 | D:3      | Found a bloodstained altar of Trog.
  3449 | D:3      | Learned a level 3 spell: Regeneration
  3766 | D:3      | Reached XP level 7. HP: 30/36 MP: 13/17
  3822 | D:3      | Noticed Jessica
  3825 | D:3      | Killed Jessica
  3885 | D:4      | Reached skill level 8 in Necromancy
  3977 | D:4      | Reached skill level 5 in Dodging
  4668 | D:4      | Found a snail-covered altar of Cheibriados.
  4764 | D:5      | Entered Level 5 of the Dungeon
  4985 | D:5      | Noticed Prince Ribbit
  4996 | D:5      | Killed Prince Ribbit
  4996 | D:5      | Reached skill level 9 in Necromancy
  4996 | D:5      | Reached XP level 8. HP: 27/41 MP: 6/20
  5191 | D:5      | Noticed Duvessa
  5193 | D:5      | Noticed Dowan
  5219 | D:5      | Killed Duvessa
  5360 | D:5      | Killed Dowan
  5538 | D:5      | Noticed Menkaure
  5546 | D:5      | Killed Menkaure
  5546 | D:5      | Reached skill level 10 in Necromancy
  6305 | D:6      | Found a shattered altar of Ashenzari.
  6309 | D:6      | Saw a vision of the Shoals and the Spider Nest.
  6309 | D:6      | Noticed a merfolk siren
  6309 | D:6      | Noticed a merfolk siren
  6309 | D:6      | Noticed a merfolk siren
  6309 | D:6      | Noticed a sea snake
  6309 | D:6      | Noticed a merfolk
  6309 | D:6      | Noticed a merfolk
  6310 | D:6      | Noticed a merfolk
  6310 | D:6      | Noticed a hippogriff
  6728 | D:6      | Reached skill level 1 in Short Blades
  6728 | D:6      | Reached XP level 9. HP: 45/45 MP: 23/23
  7165 | D:7      | Reached skill level 11 in Necromancy
  7458 | D:7      | Found a staircase to the Ecumenical Temple.
  7467 | Temple   | Entered the Ecumenical Temple
  7522 | Temple   | Became a worshipper of Kikubaaqudgha
  7654 | D:7      | Learned a level 2 spell: Shroud of Golubria
  7662 | D:7      | Found a glowing golden altar of the Shining One.
  7830 | D:7      | Reached skill level 1 in Charms
  8249 | D:8      | Noticed Joseph
  8279 | D:8      | Killed Joseph
  8307 | D:8      | Found a staircase to the Lair.
  8384 | D:8      | Noticed Psyche
  8397 | D:8      | Found an ornate altar of the Wu Jian Council.
  8397 | D:8      | Found Gutyilil's Distillery.
  8434 | D:8      | Found a sand-covered staircase.
  8442 | Ossuary  | Entered an ossuary
  8599 | Ossuary  | Reached * piety under Kikubaaqudgha
  8599 | Ossuary  | Identified Kikubaaqudgha's Almanac of Evil (Kikubaaqudgha
                  | gifted it to you in an ossuary)
  8599 | Ossuary  | Received a gift from Kikubaaqudgha
  8875 | Ossuary  | Reached skill level 12 in Necromancy
  9115 | D:8      | Noticed a two-headed ogre
  9132 | D:8      | Killed a two-headed ogre
  9132 | D:8      | Reached skill level 10 in Spellcasting
  9132 | D:8      | Reached XP level 10. HP: 19/50 MP: 12/26
  9355 | D:8      | Killed Psyche
  9393 | D:8      | Bought a potion of curing for 45 gold pieces
  9393 | D:8      | Bought a potion of haste for 150 gold pieces
  9445 | D:8      | Reached ** piety under Kikubaaqudgha
  9692 | D:9      | Noticed a wizard
  9692 | D:9      | Noticed a wizard
  9693 | D:9      | Noticed a wizard
  9935 | Lair:1   | Entered Level 1 of the Lair of Beasts
  9977 | Lair:1   | Noticed a five-headed hydra
  9997 | Lair:1   | Killed a five-headed hydra
 10090 | Lair:1   | Reached skill level 5 in Charms
 10173 | Lair:1   | Noticed a spiny frog
 10178 | Lair:1   | Killed a spiny frog
 10197 | Lair:1   | Found a dark tunnel.
 10204 | Volcano  | Entered a volcano
 10404 | Volcano  | Found a bloodstained altar of Trog.
 10404 | Volcano  | Noticed a sun demon
 10404 | Volcano  | Noticed a red ugly thing
 10404 | Volcano  | Noticed a red ugly thing
 10414 | Volcano  | Killed a red ugly thing
 10414 | Volcano  | Reached skill level 13 in Necromancy
 10444 | Volcano  | Mangled by a sun demon

Vault maps used:
D:1:      matt_arrival_los_fun
D:2:      grunt_temple_overflow_open
D:3:      trog_eyes_of_draining, uniq_sigmund, uniq_ijyb, uniq_jessica
D:4:      lemuel_coloured_pillars_altar
D:5:      first_ration, hangedman_abyss_or_decor_stagger, chequers_avenue,
          uniq_menkaure, uniq_prince_ribbit1, uniq_duvessa
D:6:      grunt_ashenzari_visionary
D:7:      tso_metal_star, lemuel_temple_firewalk_b, st_stairs_3
D:8:      lair_entry_dummy, serial_shops, nicolae_shop_trees, basic_altar,
          chequers_ossuary_entry_cave, uniq_joseph, uniq_psyche
D:9:      cheibrodos_wizards_tower, david_nohive_1
Temple:   minmay_crystal_spiral_temple
Lair:1:   nicolae_volcano_entry_s_turn, serial_bayou_crossing
Ossuary:  ossuary_boxes_badplayer
Volcano:  volcano_lake

Skill      XL: |  1  2  3  4  5  6  7  8  9 10 |
---------------+-------------------------------+-----
Necromancy     | 5 7 9 10 12 13 | 13.0
Stealth        | 3 |  3.1
Spellcasting   | 4 5 6 8 10 11 | 11.4
Dodging        | 3 4 5 7 8 9 |  9.1
Short Blades   | 1 3 4 |  4.8
Charms         | 3 5 |  5.8

Action                   |  1- 3 |  4- 6 |  7- 9 | 10-12 || total
-------------------------+-------+-------+-------+-------++-------
Melee: Unarmed           |     3 |       |       |       ||     3
       Dagger            |    48 |   111 |    84 |       ||   243
       Short sword       |       |       |   412 |    53 ||   465
 Cast: Pain              |    80 |    53 |   127 |    34 ||   294
       Vampiric Draining |       |     8 |    33 |    27 ||    68
       Regeneration      |       |     1 |    10 |     2 ||    13
       Shroud of Golubri |       |       |     2 |     1 ||     3
  Use: Scroll            |     3 |     3 |    14 |     3 ||    23
       Potion            |     2 |     1 |     6 |     2 ||    11
 Stab: Sleeping          |     2 |     2 |    21 |     6 ||    31
  Eat: Chunk             |     4 |     5 |    15 |       ||    24
       Ration            |       |       |     1 |     1 ||     2
Armor: Robe              |    16 |     4 |    80 |    25 ||   125
       Skin              |       |       |     6 |       ||     6
Dodge: Dodged            |    59 |    26 |   440 |   113 ||   638

Table legend:
 A = Non-vault XP
 B = Vault XP
 C = Vault XP percentage of total XP
 D = Non-vault monster count
 E = Vault monster count
 F = Vault count percentage of total count
                 A         B        C        D         E       F
            +---------+---------+-------+---------+---------+-------
      Total |    6832 |    3760 |  35.5 |     183 |      58 |  24.1
            +---------+---------+-------+---------+---------+-------
        D:1 |      34 |       0 |   0.0 |      23 |       0 |   0.0
        D:2 |     103 |       0 |   0.0 |      32 |       0 |   0.0
        D:3 |      82 |     553 |  87.1 |      16 |       7 |  30.4
        D:4 |     414 |       0 |   0.0 |      11 |       0 |   0.0
        D:5 |     341 |     672 |  66.3 |      20 |       4 |  16.7
        D:6 |     759 |       0 |   0.0 |      33 |       0 |   0.0
        D:7 |    1049 |     156 |  12.9 |      26 |       2 |   7.1
        D:8 |    1700 |     905 |  34.7 |      13 |       2 |  13.3
     Lair:1 |    2350 |       0 |   0.0 |       9 |       0 |   0.0
    Ossuary |       0 |     328 | 100.0 |       0 |      37 | 100.0
    Volcano |       0 |    1146 | 100.0 |       0 |       6 | 100.0
            +---------+---------+-------+---------+---------+-------
